 Dungeon Crawl Stone Soup version 0.29.0-5-ge4962eb29e (webtiles) character file.

Game seed: 15941935975262998952

109 Persephone the Chopper (level 4, -2/39 HPs)
             Began as a Hill Orc Monk on Aug 29, 2022.
             Slain by a gnoll
             ... wielding a +0 club
              (4 damage)
             ... on level 3 of the Dungeon.
             The game lasted 00:03:25 (2257 turns).

Persephone the Chopper (Hill Orc Monk)              Turns: 2257, Time: 00:03:25

Health: -2/39      AC: 11    Str: 13 (15) XL:     4   Next: 89%
Magic:  4/4        EV:  3    Int:  9 (10) God:
Gold:   117        SH:  0    Dex: 10 (13) Spells: 3/3 levels left

rFire   . . .      SeeInvis .   a - +1 hand axe
rCold   . . .      Faith    .   (no shield)
rNeg    . . .      Spirit   .   f - +1 plate armour
rPois   .          Reflect  .   (no helmet)
rElec   .          Harm     .   (no cloak)
rCorr   .          Rampage  .   (no gloves)
Will    .....      Rage     3%  (no boots)
Stlth   ..........              (no amulet)
HPRegen 0.13/turn               (no ring)
MPRegen 0.09/turn               (no ring)

@: mighty
A: berserk 1, inability to drink after injury 1
a: no special abilities


You were on level 3 of the Dungeon.
You visited 1 branch of the dungeon, and saw 3 of its levels.

You collected 117 gold pieces.

Inventory:

Hand Weapons
 a - a +1 hand axe (weapon)
Armour
 f - a +1 plate armour (worn)
Jewellery
 q - a ring of flight
Scrolls
 b - a scroll of magic mapping
 m - a scroll of teleportation
Potions
 c - a potion of ambrosia
 d - 2 potions of haste
 g - 2 potions of cancellation


   Skills:
 - Level 3.6 Fighting
 + Level 7.2 Axes
 - Level 2.4 Dodging
 - Level 1.5 Stealth


You had 3 spell levels left.
You didn't know any spells.
Your spell library was empty.

Dungeon Overview and Level Annotations

Branches:
Dungeon (3/15)

Altars:

Shops:
D:1 [


Innate Abilities, Weirdness & Mutations

You sometimes lose your temper in combat.
You occasionally lose the ability to drink potions when taking damage.


Message History

The gnoll hits you but does no damage.
You hit the gnoll.
The gnoll is moderately wounded.
You feel sick. The gnoll hits you but does no damage.
You closely miss the gnoll.
The gnoll is moderately wounded.
You feel sick. The gnoll hits you but does no damage.
You closely miss the gnoll.
The gnoll is moderately wounded.
You feel sick. The gnoll hits you with a +0 spear.
* * * LOW HITPOINT WARNING * * *
You hit the gnoll but do no damage.
The gnoll is moderately wounded.
You feel sick. The gnoll hits you with a +0 spear.
* * * LOW HITPOINT WARNING * * *
It was a potion of mutation.
You feel extremely strange.
You occasionally lose the ability to drink potions when taking damage.
You feel a little pissed off.
You feel sick. The gnoll barely misses you.
It was a potion of might.
You feel very mighty all of a sudden.
You feel sick. The gnoll hits you but does no damage.
It was a potion of degeneration.
There was something very wrong with that liquid.
You feel weakened.
You feel dopey.
You feel clumsy.
You feel sick.
You are no longer poisoned.
The gnoll hits you but does no damage.
Okay, then.
You closely miss the gnoll.
The gnoll is moderately wounded.
The gnoll hits you but does no damage.
You slash the gnoll!
The gnoll is almost dead.
The gnoll hits you with a +0 spear.
* * * LOW HITPOINT WARNING * * *
You slash the gnoll!
You kill the gnoll!
The gnoll hits you with a +0 club.
You die...

#.# # . #)# # #. #.# #
##'# #.# # #...# #.# ###
.....# #.# #.. ......#
##.## #.#
.......####...########.#
......g@).....).........
.......####...##########
......# ##.## # .....#
#.# # ..... #.# # .#'#
#.# # #. #.# # # #.


You could see a gnoll.

Vanquished Creatures
  4 adders (D:2)
  2 gnolls (D:3)
  A worm (D:2)
  2 dart slugs
  5 endoplasms
  A giant cockroach (D:3)
  5 goblins
  3 hobgoblins (D:2)
  2 jackals (D:3)
  7 kobolds
  3 quokkas
  3 ball pythons (D:2)
  5 bats
  4 frilled lizards
  2 rats
49 creatures vanquished.

Notes
Turn   | Place    | Note
-------+----------+-------------------------------------------
     0 | D:1      | Persephone the Hill Orc Monk began the quest for the Orb.
     0 | D:1      | Reached XP level 1. HP: 19/19 MP: 1/1
   332 | D:1      | Reached XP level 2. HP: 25/26 MP: 2/2
   415 | D:1      | Found Ovooryugh's Antique Armour Boutique.
   418 | D:1      | Found a faded altar of an unknown god.
   525 | D:1      | Reached skill level 5 in Axes
  1075 | D:2      | Reached XP level 3. HP: 19/31 MP: 3/3
  1082 | D:2      | Reached skill level 6 in Axes
  1447 | D:2      | Reached XP level 4. HP: 32/39 MP: 4/4
  2245 | D:3      | Reached skill level 7 in Axes
  2251 | D:3      | Gained mutation: You occasionally lose the ability to drink
                  | potions when taking damage. [potion of mutation]
  2251 | D:3      | Gained mutation: You sometimes lose your temper in combat.
                  | [potion of mutation]
  2257 | D:3      | Slain by a gnoll

Illustrated notes

Levels and vault maps discovered:
D:1:      dpeg_arrival_tiny_a, layout_basic, ebering_ecumenical_altar_webs,
          serial_shops, shop
D:2:      layout_rooms
D:3:      layout_loops_corners

Skill      XL: |  1  2  3  4 |
---------------+-------------+-----
Axes           | 5 6 7 |  7.2
Fighting       | |  3.6
Dodging        | |  2.4
Stealth        | |  1.5

Action                   |  1- 3 |  4- 6 || total
-------------------------+-------+-------++-------
Melee: Hand axe          |    90 |    67 ||   157
       Punch             |       |     2 ||     2
  Use: Scroll            |       |    10 ||    10
       Potion            |       |     3 ||     3
Armor: Plate armour      |    86 |    39 ||   125
Dodge: Dodged            |    23 |    17 ||    40
